Map: Acropolis LE

Players

lIlIlIlIlIlI

  • Race: Terran Terran
  • League: Grandmaster
  • Spawn Location: 11:00

PiG - Winner!

  • Race: Terran Terran
  • League: Grandmaster
  • Spawn Location: 5:00

VOD

Have the link to the VOD?

Description

A defensive TvT opening utilising a good early hellion count for defence and pressure

Time

  • Played on: June 25, 2019, 7:17 p.m.
  • Length: 13:48
Show
View Real Time Build Order
Export as new Build Order

lIlIlIlIlIlI Terran 

Build Orders: Gas First Reaper Expand 

Get SALT Encoding   

  12  0:00  SCV  
  13  0:12  SCV  
  14  0:17  Supply Depot  
  14  0:24  SCV  
  15  0:30  Refinery  
  15  0:38  SCV  
  16  0:44  Barracks  
  16  0:50  SCV  
  17  1:03  SCV  
  18  1:15  SCV  
  19  1:31  Reaper, Orbital Command  
  20  1:43  Command Center  
  20  1:54  Factory  
  20  1:58  SCV  
  21  2:03  Refinery  
  21  2:07  Barracks Reactor  
  21  2:10  SCV  
  22  2:16  Supply Depot  
  22  2:22  SCV  
  23  2:37  SCV  
  23  2:41  Starport  
  24  2:48  Hellion  
  24  2:49  SCV, Hellion  
  29  2:51  Barracks Tech Lab  
  29  2:58  Orbital Command  
  29  3:04  SCV  
  30  3:11  Hellion  
  32  3:20  SCV  
  32  3:23  Barracks Tech Lab  
  32  3:25  SCV  
  32  3:26  Raven  
  36  3:30  Refinery  
  36  3:33  Supply Depot  
  36  3:39  SCV x2  
  38  3:47  Siege Tank  
  38  3:48  Marine x2  
  43  3:51  SCV x2  
  45  3:56  Supply Depot  
  45  4:03  SCV  
  45  4:05  SCV  
  45  4:06  Marine  
  45  4:07  Marine  
  49  4:14  Raven  
  49  4:15  SCV  
  52  4:17  SCV  
  52  4:22  Supply Depot  
  53  4:24  Marine x2  
  53  4:27  Refinery, SCV  
  53  4:29  Siege Tank, SCV  
  56  4:39  SCV  
  56  4:41  SCV  
  56  4:42  Marine x2  
  57  4:51  SCV  
  58  4:53  SCV  
  59  5:03  SCV  
  59  5:05  SCV  
  61  5:07  Marine  
  61  5:08  Viking x2, Stimpack  
  61  5:09  Siege Tank  
  69  5:15  Supply Depot, SCV  
  69  5:21  Command Center  
  70  5:37  SCV x2, Marine  
  70  5:39  Supply Depot  
  70  5:42  Viking x2  
  77  5:49  SCV  
  78  5:59  Engineering Bay x2  
  78  6:00  Marine  
  78  6:01  Siege Tank, SCV x2  
  78  6:02  Supply Depot  
  84  6:13  SCV x2  
  84  6:17  Supply Depot  
  86  6:23  Marine, Medivac x2  
  86  6:25  SCV x2  
  93  6:33  Orbital Command  
  93  6:34  Siege Tank  
  93  6:35  Terran Infantry Armor Level 1, Terran Infantry Weapons Level 1  
  93  6:37  SCV  
  93  6:38  SCV  
  98  6:41  Marine  
  99  6:49  SCV  
  99  6:50  SCV  
  99  6:51  Barracks  
  99  6:52  Supply Depot  
  99  6:53  Barracks  
  99  7:01  SCV  
  100  7:10  Marine  
  100  7:11  Combat Shield  
  100  7:12  SCV  
  102  7:19  Barracks  
  102  7:20  Barracks  
  102  7:24  SCV  
  102  7:26  Siege Tank, Medivac x2  
  102  7:28  SCV, Marine  
  112  7:30  Orbital Command  
  112  7:31  Armory  
  112  7:36  Supply Depot, SCV  
  113  7:39  Barracks Reactor x2  
  113  7:42  SCV  
  114  7:46  Marine  
  114  7:48  SCV  
  116  7:54  SCV  
  116  7:57  Viking x2  
  121  7:58  Siege Tank  
  121  8:00  SCV  
  121  8:03  Refinery  
  121  8:04  Refinery, Marine  
  126  8:09  Barracks Reactor  
  126  8:11  Sensor Tower  
  126  8:12  Sensor Tower, SCV, Missile Turret  
  127  8:16  SCV  
  127  8:17  Marine x4  
  127  8:18  Supply Depot  
  127  8:19  Barracks Reactor  
  132  8:21  Marine  
  133  8:29  Terran Vehicle Weapons Level 1  
  133  8:39  Marine x4  
  133  8:40  Siege Tank, SCV  
  141  8:45  Terran Infantry Weapons Level 2  
  141  8:59  Marine  
  141  9:00  SCV  
  141  9:04  Marine x2  
  141  9:06  SCV, Marine  
  117  9:22  Siege Tank, Viking x2  
  115  9:26  Marine x2  
  115  9:27  Marine x7  
  115  9:28  SCV  
  125  9:31  Command Center  
  125  9:34  SCV  
  126  9:42  Terran Infantry Armor Level 2  
  126  9:44  Supply Depot  
  127  9:52  Medivac  
  128  9:54  Siege Tank  
  128  9:57  Marine  
  128  9:58  Marine x8  
  140  10:06  SCV, Medivac  
  143  10:15  Marine  
  144  10:26  Siege Tank  
  145  10:30  Marine x4  
  149  10:36  Barracks  
  149  10:37  Supply Depot, Terran Vehicle Weapons Level 2, Barracks, Starport  
  149  10:38  Supply Depot  
  149  10:39  Supply Depot  
  149  10:40  Supply Depot, Starport  
  149  10:41  Supply Depot x2  
  149  10:43  SCV, Marine x5, Medivac  
  157  10:50  Marine x2  
  159  10:57  Marine  
  159  10:58  Siege Tank, SCV, Marine  
  165  11:07  Marine x6  
  165  11:08  SCV, Terran Infantry Weapons Level 3  
  172  11:28  Refinery  
  172  11:38  Refinery  
  154  11:41  Marine  
  154  11:42  Siege Tank, Marine x8  
  125  11:50  Starport Tech Lab x2, Barracks Reactor x2  
  125  11:51  Starport Reactor  
  125  11:52  SCV x2  
  125  11:54  Planetary Fortress, Fusion Core  
  122  11:59  Marine x2  
  124  12:05  Marine  
  124  12:06  Marine x6  
  131  12:09  Viking x2  
  131  12:12  Viking  
  131  12:13  SCV  
  134  12:19  Siege Tank  
  137  12:24  Marine  
  137  12:25  Marine x7  
  137  12:28  Marine x5  
  150  12:31  Viking x2  
  150  12:36  SCV  
  155  12:42  Marine  
  155  12:43  Viking x2, Marine  
  161  12:47  Marine x10  
  161  12:48  Command Center  
  170  13:01  Marine x3  
  170  13:02  Siege Tank, Viking x2  
  170  13:03  Viking  
  170  13:05  Marine  
  161  13:18  Marine x7  
  161  13:19  Marine x5  
  115  13:22  Marine  
Show
View Real Time Build Order
Export as new Build Order

PiG Terran - Winner!

Build Orders: Gas First Reaper Expand, Hellion Opening 

Get SALT Encoding   

  12  0:01  SCV  
  13  0:13  SCV  
  14  0:18  Supply Depot  
  14  0:26  SCV  
  14  0:28  Refinery  
  15  0:39  SCV  
  16  0:44  Barracks  
  16  0:51  SCV  
  17  1:03  SCV  
  18  1:15  SCV  
  19  1:31  Orbital Command  
  19  1:32  Reaper  
  20  1:40  Command Center  
  20  1:58  Factory  
  20  1:59  SCV  
  21  2:06  Refinery  
  21  2:08  Barracks Reactor  
  21  2:11  SCV  
  22  2:16  Supply Depot  
  22  2:23  SCV  
  23  2:38  SCV  
  24  2:45  Starport  
  24  2:52  Hellion x2  
  24  2:56  Orbital Command  
  24  2:58  SCV  
  29  3:00  Barracks Tech Lab  
  29  3:14  Hellion x2  
  29  3:15  SCV  
  34  3:26  Barracks Tech Lab, SCV  
  35  3:34  Raven  
  37  3:36  SCV  
  37  3:37  Hellion x2  
  37  3:41  SCV  
  43  3:48  SCV  
  44  3:53  SCV  
  45  4:00  SCV  
  46  4:04  Supply Depot x2  
  46  4:25  Raven, SCV x2, Cyclone  
  46  4:27  Command Center  
  46  4:29  Refinery  
  46  4:30  Refinery  
  53  4:37  SCV x2  
  51  4:50  SCV x2  
  53  4:54  Marine x2  
  55  5:02  SCV x2  
  55  5:06  Siege Tank  
  60  5:10  Supply Depot  
  60  5:13  Supply Depot  
  60  5:14  SCV x2  
  62  5:22  Engineering Bay x2  
  62  5:32  Viking x2, SCV x2  
  68  5:38  Siege Tank  
  68  5:41  Orbital Command  
  71  5:43  Barracks x2  
  71  5:44  SCV, Marine  
  71  5:45  Stimpack  
  73  5:50  SCV  
  74  5:58  SCV  
  74  6:02  Viking x2, Terran Infantry Weapons Level 1  
  74  6:03  SCV  
  79  6:09  Terran Infantry Armor Level 1  
  79  6:10  SCV, Marine  
  81  6:23  Siege Tank  
  85  6:25  SCV  
  85  6:28  SCV, Marine  
  89  6:44  Barracks Reactor x2  
  87  6:47  Armory  
  87  6:48  Barracks  
  87  6:49  Barracks  
  87  6:53  Orbital Command  
  87  7:00  Starport Reactor  
  86  7:10  SCV, Marine  
  85  7:23  Refinery  
  85  7:25  Refinery  
  85  7:27  Marine x2  
  85  7:28  Supply Depot, Siege Tank, Marine  
  85  7:29  Supply Depot  
  91  7:35  Marine  
  91  7:36  Marine  
  93  7:41  Barracks, Barracks Reactor x2  
  93  7:53  SCV  
  93  7:57  Viking x2  
  93  7:58  Marine x4  
  100  7:59  Combat Shield, Marine  
  100  8:01  Terran Infantry Weapons Level 2  
  100  8:04  Terran Vehicle Weapons Level 1  
  100  8:05  Supply Depot, Terran Infantry Armor Level 2  
  103  8:06  Supply Depot, SCV x3  
  103  8:12  Siege Tank  
  109  8:16  Marine x2  
  109  8:18  SCV x3  
  114  8:23  Factory  
  114  8:30  SCV  
  114  8:31  Medivac  
  114  8:32  Viking, Marine x3  
  114  8:33  Marine x2  
  124  8:36  Marine x3  
  124  8:38  SCV  
  127  8:41  SCV  
  127  8:42  SCV  
  127  8:44  Marine x3  
  132  8:50  Marine  
  132  8:54  Supply Depot  
  133  8:56  Supply Depot, Marine  
  109  9:10  Marine  
  109  9:11  Marine  
  109  9:14  Siege Tank  
  106  9:25  Marine x5  
  106  9:26  Marine x2  
  106  9:30  Factory Tech Lab  
  113  9:36  SCV  
  114  9:40  Command Center  
  114  9:44  Marine x11  
  125  9:46  Siege Tank, Medivac x2  
  125  9:49  SCV x2  
  134  9:57  Supply Depot  
  134  9:59  Missile Turret  
  134  10:00  Supply Depot, Missile Turret  
  134  10:02  Marine x3  
  137  10:09  Marine  
  137  10:10  Marine x6  
  143  10:16  Barracks x2  
  143  10:19  Supply Depot  
  142  10:22  Supply Depot, Missile Turret  
  142  10:23  Missile Turret  
  142  10:26  Marine  
  139  10:35  Marine x2, Medivac x2  
  142  10:36  Marine x3  
  142  10:37  Siege Tank  
  142  10:38  Marine, Terran Infantry Weapons Level 3  
  151  10:45  Supply Depot  
  151  10:47  Supply Depot  
  151  10:54  Marine x3  
  151  10:57  Siege Tank, Marine x2  
  159  11:28  Marine x2  
  162  11:32  Siege Tank  
  146  11:43  Marine x5  
  146  11:44  Marine x4  
  146  11:45  Siege Tank, Medivac  
  146  11:46  Marine x2, Planetary Fortress  
  144  11:56  Barracks Reactor  
  144  11:57  Barracks Reactor  
  144  12:01  Marine x6  
  142  12:05  SCV  
  142  12:06  SCV  
  150  12:13  Marine x5  
  155  12:19  Marine  
  155  12:22  Marine x5  
  157  12:24  SCV x3  
  157  12:25  SCV  
  157  12:27  Starport  
  157  12:29  Starport  
  165  12:31  Marine x4  
  165  12:34  Marine x2  
  171  12:39  Viking x2  
  171  12:44  Marine x9, Armory  
  175  12:49  Marine x4  
  188  12:51  Marine  
  188  12:56  Marine  
  190  13:02  Marine  
  191  13:12  Marine x2  
  190  13:17  Marine x2  
  190  13:18  Marine x2  
  181  13:25  Marine x2  
  181  13:26  Marine x3  
  184  13:36  Refinery x2  
Tags
 
Add a new tag
Caveats
  • Supply blocks, unpowered buildings, or Contaminate may cause inaccurate times.
  • Supply counts are checked every 10 seconds.